Map: Backwater LE

Players

CinDra - Winner!

  • Race: Zerg Zerg
  • League: Silver
  • Spawn Location: 5:00

thaistix

  • Race: Protoss Protoss
  • League: Platinum
  • Spawn Location: 11:00

VOD

Have the link to the VOD?

Description

Time

  • Played on: Feb. 23, 2018, 5:25 p.m.
  • Length: 16:25
Show
View Real Time Build Order
Export as new Build Order

CinDra Zerg - Winner!

Build Orders: Hatch First 

Get SALT Encoding   

  12  0:10  Drone x2  
  14  0:16  Overlord  
  14  0:34  Drone x2  
  16  0:43  Drone  
  17  0:57  Drone  
  18  1:04  Hatchery  
  17  1:05  Drone  
  18  1:17  Extractor  
  17  1:24  Drone  
  17  1:25  Spawning Pool  
  17  1:26  Drone  
  18  1:37  Drone  
  19  1:47  Drone  
  20  1:59  Drone  
  21  2:12  Zergling x2  
  21  2:15  Queen, Overlord  
  24  2:18  Queen  
  24  2:19  Zergling x2  
  27  2:22  Metabolic Boost  
  27  2:26  Drone  
  28  2:36  Extractor, Drone  
  28  2:47  Drone x2  
  28  2:50  Drone  
  31  2:52  Drone  
  32  3:08  Drone  
  32  3:09  Drone  
  32  3:12  Zergling x2  
  35  3:19  Drone  
  36  3:35  Lair  
  36  3:36  Overlord x2  
  36  3:54  Queen  
  37  4:07  Zergling x24  
  49  4:15  Drone  
  50  4:24  Zergling x2  
  51  4:28  Overlord  
  51  4:29  Overlord  
  51  4:30  Pneumatized Carapace  
  51  4:39  Spire  
  50  4:51  Drone x9  
  59  4:53  Hatchery  
  59  4:55  Overseer  
  59  4:56  Overlord  
  58  5:04  Drone  
  59  5:10  Extractor  
  59  5:11  Drone  
  59  5:12  Extractor  
  58  5:16  Overseer  
  58  5:18  Drone  
  58  5:19  Drone  
  60  5:25  Drone  
  61  5:41  Drone  
  61  5:42  Drone x6  
  68  5:49  Drone  
  69  5:53  Zerg Flyer Weapons Level 1  
  69  5:57  Drone  
  69  5:58  Drone x3  
  69  6:00  Evolution Chamber  
  72  6:07  Spore Crawler  
  72  6:09  Drone  
  72  6:18  Spore Crawler  
  71  6:36  Mutalisk  
  71  6:37  Mutalisk x4  
  71  6:38  Overlord  
  71  6:39  Overlord x3  
  81  6:45  Spore Crawler  
  80  6:58  Zerg Ground Armor Level 1  
  80  7:00  Extractor  
  79  7:03  Drone  
  79  7:04  Extractor, Drone x11  
  90  7:10  Evolution Chamber  
  90  7:12  Spire  
  74  7:31  Mutalisk x4  
  74  7:32  Mutalisk x3  
  87  7:39  Zergling x2  
  87  7:40  Zergling x14  
  87  7:41  Overlord  
  93  7:57  Drone x3  
  93  8:14  Mutalisk  
  93  8:15  Mutalisk x4  
  93  8:19  Overlord  
  103  8:41  Mutalisk x4  
  103  8:43  Zergling x12  
  114  8:52  Zerg Melee Weapons Level 1  
  102  9:02  Mutalisk x2  
  94  9:10  Mutalisk x2  
  94  9:16  Overseer x2  
  98  9:31  Mutalisk  
  98  9:32  Mutalisk  
  102  9:41  Overlord x4  
  102  9:42  Overlord x7  
  98  10:24  Corruptor  
  98  10:25  Corruptor x8  
  108  10:33  Corruptor  
  90  10:54  Corruptor x4  
  98  10:58  Hatchery  
  91  11:16  Zergling x24  
  91  11:17  Zergling x6  
  104  11:25  Corruptor  
  106  11:34  Zerg Melee Weapons Level 2, Zerg Ground Armor Level 2  
  106  11:36  Zerg Flyer Armor Level 1  
  106  11:46  Corruptor  
  106  11:47  Corruptor  
  110  11:58  Drone  
  110  11:59  Drone x3  
  110  12:00  Drone  
  115  12:02  Corruptor x3  
  115  12:04  Zergling x2  
  115  12:05  Zergling x14  
  129  12:09  Zergling x2  
  130  12:29  Corruptor  
  130  12:30  Corruptor x3  
  130  12:32  Zergling x14  
  130  12:33  Zergling x8  
  149  12:43  Corruptor  
  149  12:49  Overlord x3  
  149  12:50  Overlord x2  
  151  13:00  Drone  
  152  13:07  Queen  
  154  13:19  Extractor, Corruptor  
  153  13:20  Corruptor x4  
  153  13:21  Zergling x18  
  153  13:22  Extractor, Zergling x10  
  172  14:04  Overlord x2  
  172  14:05  Drone x3  
  172  14:06  Drone x2  
  172  14:07  Drone  
  178  14:36  Zergling x6  
  178  14:37  Zergling x38  
  191  15:13  Mutalisk  
  189  15:14  Mutalisk x4  
  176  15:32  Overlord x10  
  176  15:33  Overlord x7  
  174  16:08  Extractor  
Show
View Real Time Build Order
Export as new Build Order

thaistix Protoss 

Build Orders:  

Get SALT Encoding   

  12  0:01  Probe  
  13  0:13  Probe  
  14  0:25  Probe  
  15  0:36  Pylon  
  15  0:53  Assimilator  
  15  0:54  Probe  
  15  0:55  Gateway  
  16  1:01  Pylon  
  16  1:06  Probe  
  17  1:18  Probe  
  18  1:27  Gateway  
  18  1:30  Probe  
  19  1:42  Probe  
  19  1:44  Cybernetics Core  
  19  1:45  Zealot  
  22  1:50  Pylon  
  22  1:54  Probe  
  22  2:00  Assimilator  
  23  2:07  Probe  
  24  2:19  Probe  
  24  2:22  Robotics Facility  
  25  2:31  Probe  
  25  2:32  Zealot  
  28  2:48  Probe  
  28  2:49  Forge  
  29  2:58  Pylon  
  29  2:59  Zealot  
  29  3:04  Zealot  
  33  3:11  Immortal (Chrono Boost)  
  37  3:22  Twilight Council  
  37  3:35  Probe  
  37  3:40  Warp Gate (Chrono Boost)  
  38  3:43  Zealot  
  40  3:50  Immortal (Chrono Boost)  
  43  4:13  Gateway  
  43  4:16  Gateway  
  43  4:20  Zealot  
  45  4:26  Zealot  
  47  4:47  Pylon  
  47  5:05  Sentry  
  49  5:42  Nexus  
  49  6:00  Photon Cannon  
  49  6:01  Photon Cannon  
  49  6:03  Photon Cannon  
  49  6:04  Immortal (Chrono Boost)  
  49  6:06  Shield Battery x2  
  53  6:14  Stalker  
  55  6:19  Charge  
  55  6:21  Protoss Ground Weapons Level 1  
  55  6:23  Protoss Air Weapons Level 1  
  55  6:34  Stargate  
  55  7:03  Probe (Chrono Boost)  
  55  7:08  Stalker x3  
  58  7:12  Probe (Chrono Boost)  
  63  7:17  Probe  
  59  7:30  Probe  
  59  7:31  Phoenix (Chrono Boost)  
  59  7:38  Photon Cannon  
  59  7:42  Probe  
  59  7:43  Pylon  
  60  7:47  Phoenix (Chrono Boost)  
  58  7:59  Stargate  
  38  8:08  Probe  
  38  8:11  Photon Cannon  
  35  8:16  Photon Cannon  
  35  8:20  Probe  
  35  8:22  Stalker  
  38  8:28  Phoenix (Chrono Boost)  
  38  8:32  Probe  
  41  8:45  Photon Cannon  
  41  8:58  Pylon  
  41  9:08  Phoenix (Chrono Boost)  
  43  9:14  Phoenix (Chrono Boost)  
  45  9:25  Phoenix (Chrono Boost)  
  45  9:27  Zealot x2  
  45  9:28  Phoenix (Chrono Boost), Zealot  
  53  9:37  Protoss Ground Weapons Level 2  
  53  10:01  Phoenix (Chrono Boost)  
  53  10:02  Phoenix (Chrono Boost)  
  55  10:12  Zealot x3  
  61  10:22  Protoss Air Armor Level 1 (Chrono Boost)  
  61  10:41  Zealot  
  63  10:50  Pylon  
  63  10:51  Pylon  
  63  10:53  Nexus  
  63  10:54  Pylon  
  63  10:56  Assimilator  
  63  10:58  Assimilator  
  58  11:26  Probe  
  58  11:27  Pylon  
  58  11:30  Pylon  
  58  11:31  Phoenix (Chrono Boost)  
  58  11:38  Pylon  
  58  11:41  Pylon  
  58  11:45  Assimilator  
  58  11:46  Phoenix (Chrono Boost)  
  58  11:49  Assimilator  
  58  11:53  Pylon  
  60  12:08  Phoenix  
  62  12:09  Fleet Beacon  
  62  12:16  Probe (Chrono Boost)  
  63  12:24  Photon Cannon  
  63  12:26  Probe (Chrono Boost)  
  64  12:31  Probe (Chrono Boost)  
  64  12:35  Photon Cannon  
  65  12:38  Void Ray  
  65  12:42  Probe  
  70  12:54  Probe  
  71  13:00  Void Ray  
  75  13:08  Probe (Chrono Boost)  
  77  13:13  Probe (Chrono Boost)  
  77  13:18  Probe (Chrono Boost)  
  78  13:21  Probe (Chrono Boost)  
  78  13:24  Probe (Chrono Boost)  
  78  13:26  Probe (Chrono Boost)  
  78  13:31  Zealot x3  
  85  13:34  Probe  
  85  13:38  Probe  
  85  13:41  Photon Cannon  
  87  13:44  Photon Cannon  
  87  13:46  Probe  
  88  13:50  Probe (Chrono Boost)  
  88  13:53  Void Ray (Chrono Boost)  
  93  14:02  Probe (Chrono Boost)  
  94  14:05  Stalker  
  94  14:06  Stalker  
  94  14:08  Protoss Air Weapons Level 2 (Chrono Boost)  
  94  14:09  Probe (Chrono Boost)  
  99  14:14  Void Ray (Chrono Boost)  
  99  14:16  Probe  
  104  14:25  Stalker x2  
  104  14:28  Probe (Chrono Boost)  
  109  14:35  Pylon  
  109  14:38  Probe (Chrono Boost)  
  110  14:41  Observer  
  110  14:43  Probe (Chrono Boost)  
  112  15:03  Observer  
  108  15:24  Observer  
  73  16:14  Pylon  
  73  16:15  Photon Cannon  
  73  16:16  Photon Cannon  
  73  16:17  Photon Cannon  
  73  16:18  Photon Cannon  
  73  16:20  Photon Cannon  
Tags
 
Add a new tag
Caveats
  • Supply blocks, unpowered buildings, or Contaminate may cause inaccurate times.
  • Supply counts are checked every 10 seconds.